AoeStats
← ska_18

Black Forest

503581504Analyzed
3v3 RM · 1mo ago on Sep 1, 2026· 50m 16s· 6 players
Game mode
Random Map
Map size
Normal (6 player)
Population
200
Speed
Normal
Resources
Standard
Victory
Conquest
Starting age
Dark Age
Ending age
Imperial Age
RankedLock teamsTeams togetherTeam positionsShared explorationLock speedFull tech treeHidden civsTurbo modeCheats
Victory
Defeat
🇩🇪 Bulgarians · Germany
1165
+15
🇹🇼 Aztecs · Taiwan
1144
+15
🇨🇳 Persians · China
1082
+18
🇹🇷 Khmer · Türkiye
1195
-19
🇩🇪 Vietnamese · Germany
1119
-15
🇦🇹 Saracens · Austria
1086
-14
洗勒烤喔
1:00 Loom
11:00 Feudal Age
16:42 Castle Age
15:20 Double-Bit Axe
16:25 Horse Collar
23:52 Town Watch
27:39 Wheelbarrow
28:09 Forging
27:50 Fletching
28:17 Bow Saw
29:13 Hand Cart
32:17 Imperial Age
29:39 Eagle Warrior
30:38 Elite Skirmisher
31:22 Atlatl
31:44 Heavy Plow
31:51 Squires
31:49 Fishing Lines
33:33 Iron Casting
32:55 Bodkin Arrow
33:27 Gold Mining
34:19 Conscription
33:34 Elite Eagle Warrior
35:55 Crop Rotation
36:35 Blast Furnace
35:36 Bracer
35:37 Scale Mail Armor
36:08 Stone Mining
36:54 Gold Shaft Mining
36:26 Padded Archer Armor
36:20 Onager
37:49 Chain Mail Armor
40:14 Plate Mail Armor
39:59 Leather Archer Armor
40:39 Garland Wars
39:40 Elite Jaguar Warrior
48:30 Chemistry
47:52 Ballistics
47:37 Siege Engineers
Jim Levenstein
11:47 Feudal Age
13:56 Wheelbarrow
13:59 Double-Bit Axe
13:56 Horse Collar
16:13 Loom
19:04 Castle Age
20:08 Bow Saw
20:56 Scale Mail Armor
21:07 Forging
21:04 Heavy Plow
22:53 Chain Mail Armor
24:25 Squires
25:02 Iron Casting
25:22 Town Watch
26:26 Hand Cart
29:02 Stone Mining
32:02 Imperial Age
30:54 Stone Shaft Mining
31:10 Gold Mining
31:50 Arson
33:14 Plate Mail Armor
32:32 Gambesons
33:28 Gold Shaft Mining
33:30 Crop Rotation
34:06 Conscription
33:44 Onager
35:20 Siege Onager
37:42 Caravan
38:36 Town Patrol
39:44 Blast Furnace
38:24 Pikeman
39:28 Halberdier
40:31 Bagains
40:45 Scale Barding Armor
47:20 Light Cavalry
48:11 Bloodlines
48:26 Chain Barding Armor
48:04 Hussar
48:46 Husbandry
zhuge2021
0:27 Loom
12:35 Feudal Age
13:00 Double-Bit Axe
18:08 Castle Age
18:50 Bow Saw
22:19 Horse Collar
24:02 Fishing Lines
24:41 Gillnets
26:45 Wheelbarrow
26:14 Heavy Plow
26:08 Stone Mining
30:41 Hand Cart
30:54 Gold Mining
31:39 Stone Shaft Mining
34:10 Imperial Age
35:04 Scale Barding Armor
35:10 Forging
34:50 Fletching
35:41 Gold Shaft Mining
35:36 Conscription
36:25 Chemistry
36:00 Crop Rotation
36:32 Two-Man Saw
35:35 Caravan
35:53 Bloodlines
35:43 Husbandry
35:04 Cavalier
37:08 Chain Barding Armor
37:24 Iron Casting
36:45 Bodkin Arrow
37:17 Savar
40:28 Plate Barding Armor
40:54 Blast Furnace
39:55 Padded Archer Armor
45:01 Elite War Elephant
49:45 Leather Archer Armor
49:30 Scale Mail Armor
FBM
0:53 Loom
13:15 Feudal Age
19:16 Castle Age
19:43 Fishing Lines
19:49 Double-Bit Axe
20:41 Bow Saw
20:57 Gillnets
23:29 Horse Collar
24:49 Heavy Plow
30:51 Imperial Age
28:22 Gold Mining
29:44 Fletching
29:54 Padded Archer Armor
30:26 Ballistics
31:29 Wheelbarrow
31:46 Wheelbarrow
30:41 Crossbowman
31:26 Thumb Ring
31:27 Bodkin Arrow
31:47 Leather Archer Armor
32:45 Chemistry
32:22 Stone Mining
31:55 Arbalester
32:20 Elite Skirmisher
34:18 Siege Engineers
35:04 Imperial Skirmisher
36:43 Bracer
39:01 Squires
41:17 Forging
41:08 Scale Mail Armor
41:38 Ring Archer Armor
40:34 Pikeman
43:33 Chain Mail Armor
44:37 Paper Money
Homogenius
5:11 Loom
11:50 Feudal Age
14:01 Double-Bit Axe
17:00 Castle Age
17:07 Gold Mining
18:37 Bow Saw
19:28 Gold Shaft Mining
18:42 Fishing Lines
19:01 Stone Mining
21:06 Wheelbarrow
20:27 Gillnets
23:46 Husbandry
24:53 Scale Barding Armor
25:58 Horse Collar
26:42 Hand Cart
31:31 Imperial Age
30:12 Padded Archer Armor
33:11 Chain Barding Armor
33:13 Leather Archer Armor
33:41 Stone Shaft Mining
33:17 Fletching
33:17 Town Watch
34:19 Hoardings
36:31 Ring Archer Armor
36:37 Plate Barding Armor
35:58 Bodkin Arrow
38:08 Elite Battle Elephant
40:41 Bracer
42:25 Heavy Plow
45:11 Tusk Swords
ska_18
1:10 Loom
12:31 Feudal Age
19:00 Castle Age
17:41 Double-Bit Axe
23:12 Wheelbarrow
23:00 Fishing Lines
23:49 Horse Collar
24:04 Gold Mining
24:04 Stone Mining
25:07 Bow Saw
26:07 Hand Cart
25:38 Town Watch
26:37 Stone Mining
29:17 Gillnets
30:29 Forging
30:25 Scale Barding Armor
30:11 Fletching
33:08 Imperial Age
32:31 Forging
32:12 Fletching
32:28 Scale Barding Armor
32:25 Caravan
32:27 Murder Holes
33:01 Fervor
33:11 Sanctity
33:07 Bimaristan
35:05 Chemistry
34:22 Fortified Wall
35:14 Conscription
35:30 Iron Casting
35:16 Chain Barding Armor
38:00 Hoardings
37:33 Heavy Plow
38:09 Gold Shaft Mining
38:16 Masonry
38:32 Bodkin Arrow
40:06 Two-Man Saw
39:43 Elite Mameluke
40:58 Coinage
42:55 Blast Furnace
42:40 Siege Engineers
42:15 Treadmill Crane
43:18 Plate Barding Armor
44:54 Banking
45:49 Bloodlines
45:39 Husbandry
45:00 Light Cavalry
46:57 Bracer
Connection lost

Rejoining the realm…

Still unreachable

The connection could not be restored.

Session expired

The server has moved on; the page needs a fresh start.